 Dungeon Crawl Stone Soup version 0.26-a0-1129-gc5df7fbe6a (webtiles) character file.

Game seed: 8691871890489324364

837 raph the Geomancer (level 7, -5/36 HPs)
             Began as a Gargoyle Earth Elementalist on Dec 18, 2020.
             Was an Initiate of the Shining One.
             Slain by Prince Ribbit (16 damage)
             ... on level 5 of the Dungeon.
             The game lasted 00:18:02 (5285 turns).

raph the Geomancer (Gargoyle Earth Elementalist)    Turns: 5285, Time: 00:18:03

Health: -5/36      AC:  8    Str: 12    XL:     7   Next: 99%
Magic:  10/10      EV: 12    Int: 17    God:    the Shining One [......]
Gold:   166        SH:  0    Dex: 10    Spells: 4/10 levels left

rFire    . . .     SeeInvis .   v - +2 long sword (protect)
rCold    . . .     Faith    .   (no shield)
rNeg     + . .     Spirit   .   c - +0 robe
rPois    ∞         Reflect  .   (no helmet)
rElec    +         Harm     .   (no cloak)
rCorr    .         Rampage  .   t - +0 pair of gloves
Will     .....                  g - +0 pair of boots
Stlth    +.........             (no amulet)
HPRegen  0.12/turn              (no ring)
MPRegen  0.12/turn              (no ring)

@: glowing
A: negative energy resistance 1, electricity resistance, unbreathing,
petrification resistance, miasma immunity, AC +4
a: Renounce Religion


You were on level 5 of the Dungeon.
You worshipped the Shining One.
The Shining One was noncommittal.
You visited 2 branches of the dungeon, and saw 6 of its levels.

You collected 166 gold pieces.

Inventory:

Hand Weapons
 a - a +0 dagger
 f - a +0 whip
 h - a +0 mace of holy wrath
 v - a +2 long sword of protection (weapon)
 z - a +0 long sword
Missiles
 b - 127 stones
 d - 19 poisoned darts
Armour
 c - a +0 robe (worn)
 g - a +0 pair of boots (worn)
 k - +0 fire dragon scales
 t - a +0 pair of gloves (worn)
 y - a +0 buckler
Wands
 j - a wand of iceblast (7)
 l - a wand of acid (11)
 A - a wand of random effects (15)
Scrolls
 i - a scroll of identify
 m - 2 scrolls of teleportation
 n - a scroll of remove curse
 o - 2 scrolls of blinking
 q - 3 scrolls of magic mapping
Potions
 e - 3 potions of curing
 r - 5 potions of haste
 s - a potion of brilliance
 u - a potion of cancellation
 w - a potion of attraction
 x - a potion of invisibility
 B - a potion of flight


   Skills:
 - Level 1.5 Dodging
 - Level 2.1 Stealth
 - Level 2.0 Spellcasting
 - Level 0.7 Transmutations
 + Level 10.9 Earth Magic


You had 4 spell levels left.
You knew the following spells:

 Your Spells              Type           Power        Failure   Level
a - Sandblast             Erth           76%          1%          1
b - Passwall              Tmut/Erth      17%          2%          2
c - Stone Arrow           Conj/Erth      40%          6%          3

Your spell library contained the following spells:

 Spells                   Type           Power        Failure   Level
 Petrify                  Tmut/Erth      21%          19%         4
 Lee's Rapid Deconstruct  Erth           19%          6%          5


Dungeon Overview and Level Annotations

Branches:
Dungeon (5/15)             Temple (1/1) D:5

Altars:
Ashenzari
Cheibriados
Dithmenos
Elyvilon
Gozag
Kikubaaqudgha
Makhleb
Nemelex Xobeh
Okawaru
Qazlal
Ru
Sif Muna
Trog
Wu Jian
Xom
Yredelemnul
The Shining One

Annotations:
D:5 Prince Ribbit


Innate Abilities, Weirdness & Mutations

You are resistant to torment.
Your stone body is resilient. (AC +4)
You are immune to poison.
You resist negative energy. (rN+)
You are resistant to electric shocks. (rElec)
You can survive without breathing.
You are immune to petrification.
You are immune to miasma.


Message History

As you read the scroll labelled POYCVULODGH, it crumbles to dust.
It was a scroll of blinking.
As you read the scroll labelled FERPHIS YNAO, it crumbles to dust.
You hear a loud clanging noise!
It was a scroll of noise.
You hear a loud, deep croak!
As you read the scroll labelled JIETO YDAHAA, it crumbles to dust.
You feel aware of your surroundings.
It was a scroll of magic mapping.
Prince Ribbit blinks!
Okay, then.
Okay, then.
The scorpion stings you. The scorpion stings you.
The scorpion stings you but does no damage.
Prince Ribbit hits you!
The scorpion stings you but does no damage.
Prince Ribbit hits you.
* * * LOW HITPOINT WARNING * * *
Prince Ribbit hits you!
You die...

.#..# *#..#**.............#
.##.# ####**...# *#.#....>.....#
.##.###..,,...#* ###......<...#
........#**..#* ##........##
........#*#.#* #..........#
........##..# #..........#
........#..#* #.^........#
......)...###########..........#
####...###....sF@..............#
#....#..#.....########........##
..########.....# ##......##
.....#,,,##....# ########
..#..#,,*,#....#
.....#,,,,#...##
#......,,,#...##
####.#.####....#
.,,,...........#


You could see Prince Ribbit and a scorpion.

Vanquished Creatures
  Blork the orc (D:4)
  4 scorpions
  4 crimson imps (D:3)
  A hound (D:5)
  2 orc priests
  Ijyb (D:4)
  2 worker ants (D:4)
  A hound zombie (D:2)
  7 gnolls
  7 adders
  An ooze (D:1)
  An adder zombie (D:5)
  An adder skeleton (D:5)
  A worm (D:2)
  2 dart slugs (D:1)
  A leopard gecko (D:4)
  10 orcs
  4 ball pythons
  7 bats
  2 bat zombies (D:4)
  3 giant cockroaches
  16 goblins
  7 hobgoblins
  6 jackals
  2 quokkas
  5 frilled lizards
  8 kobolds
  13 rats
  A rat zombie (D:4)
121 creatures vanquished.

Notes
Turn   | Place    | Note
-------+----------+-------------------------------------------
     0 | D:1      | raph the Gargoyle Earth Elementalist began the quest for
                  | the Orb.
     0 | D:1      | Reached XP level 1. HP: 10/10 MP: 3/3
   165 | D:1      | Reached skill level 4 in Earth Magic
   229 | D:1      | Reached XP level 2. HP: 11/15 MP: 3/5
   645 | D:1      | Reached XP level 3. HP: 15/19 MP: 3/6
   649 | D:1      | Reached skill level 5 in Earth Magic
   712 | D:1      | Learned a level 2 spell: Passwall
   716 | D:1      | Learned a level 3 spell: Stone Arrow
  1137 | D:2      | Found a bloodstained altar of Trog.
  1283 | D:2      | Found an iron altar of Okawaru.
  1293 | D:2      | Reached XP level 4. HP: 24/24 MP: 3/7
  1298 | D:2      | Reached skill level 6 in Earth Magic
  1355 | D:2      | Found a bloodstained altar of Trog.
  1463 | D:2      | You fall into a shaft and drop 2 floors!
  1493 | D:4      | Reached XP level 5. HP: 28/28 MP: 0/8
  1578 | D:4      | Reached skill level 7 in Earth Magic
  2435 | D:3      | Found a shimmering altar of Xom.
  2442 | D:3      | Reached skill level 8 in Earth Magic
  2442 | D:3      | Reached XP level 6. HP: 31/32 MP: 7/9
  3129 | D:4      | Reached skill level 9 in Earth Magic
  3517 | D:4      | Reached XP level 7. HP: 33/36 MP: 8/10
  3619 | D:4      | Noticed Blork the orc
  3629 | D:4      | Killed Blork the orc
  3778 | D:4      | Found an ancient bone altar of Kikubaaqudgha.
  4113 | D:4      | Noticed Ijyb
  4123 | D:4      | Killed Ijyb
  4282 | D:5      | Entered Level 5 of the Dungeon
  4297 | D:5      | Found a staircase to the Ecumenical Temple.
  4302 | Temple   | Entered the Ecumenical Temple
  4539 | Temple   | Became a worshipper of the Shining One
  4588 | D:5      | Reached skill level 10 in Earth Magic
  4703 | D:5      | Noticed Prince Ribbit
  4884 | D:5      | Found an ornate altar of the Wu Jian Council.
  4948 | D:5      | The Shining One protects you from harm!
  5285 | D:5      | Slain by Prince Ribbit

Illustrated notes

Levels and vault maps discovered:
D:1:      minmay_arrival_loop, layout_basic, st_stairs_14,
          grunt_decor_mini_mirrors, hex_medium
D:2:      layout_loops_cross, okawaru_gym_becter, bloody_trog,
          trog_three_pillars_becter
D:3:      layout_basic, led_xom_imps, grunt_ministairs_4,
          minmay_misc_feat_hallway
D:4:      kennysheep_goblin_castle, layout_cave_pools,
          lemuel_zombie_altar_kikubaaqudgha, portal_sewer_entry_e,
          uniq_blork_the_orc
D:5:      layout_rooms, nicolae_overflow_crystal_walls,
          minmay_temple_entry_arrows, hangedman_abyss_or_decor_passed,
          uniq_prince_ribbit1
Temple:   minmay_temple_bridge_abc

Skill      XL: |  1  2  3  4  5  6  7 |
---------------+----------------------+-----
Earth Magic    | 4 5 6 8 9 10 | 10.9
Dodging        | |  1.5
Stealth        | |  2.1
Spellcasting   | |  2.0
Transmutations | |  0.7

Action                   |  1- 3 |  4- 6 |  7- 9 || total
-------------------------+-------+-------+-------++-------
Melee: Unarmed           |    10 |       |       ||    10
       Dagger            |    28 |       |       ||    28
       Mace              |    11 |   132 |     6 ||   149
       Long sword        |       |       |    50 ||    50
 Cast: Sandblast         |    33 |    48 |    27 ||   108
       Stone Arrow       |       |     4 |     5 ||     9
  Use: Scroll            |       |     1 |    10 ||    11
       Potion            |       |       |     1 ||     1
 Stab: Sleeping          |     2 |     1 |       ||     3
       Distracted        |       |     1 |       ||     1
Armor: Robe              |    18 |    83 |    53 ||   154
Dodge: Dodged            |    49 |   125 |    91 ||   265
       Rpst.: Long sword |       |       |    19 ||    19

Table legend: (Time is in decaauts)
 A = Elapsed time spent in this place.
 B = Non-inter-level travel time spent in this place.
 C = Inter-level travel time spent in this place.
 D = Time resting spent in this place.
 E = Time spent auto-exploring this place.
 F = Levels seen in this place.
 G = Mean time per level.
                   A        B        C        D        E       F      G
               +--------+--------+--------+--------+--------+-----+--------+
         Total |   5367 |   5198 |    169 |   1883 |   2023 |   6 |  894.5 |
       Dungeon |   5108 |   4959 |    149 |   1883 |   1843 |   5 | 1021.6 |
        Temple |    258 |    238 |     20 |      0 |    180 |   1 |  258.0 |
               +--------+--------+--------+--------+--------+-----+--------+

Top non-repeatable levels by time:
     D:4: 1606 daAuts
     D:3: 1043 daAuts
     D:1: 963 daAuts
     D:2: 949 daAuts
     D:5: 545 daAuts
  Temple: 258 daAuts
